 Dungeon Crawl Stone Soup version 0.30.0-29-ga12c61a403 (webtiles) character file.

Game seed: 12549282825756304130

118292 qw the Severer (level 16, -14/108 HPs)
             Began as a Gargoyle Fighter on June 3, 2023.
             Was an Elder of Okawaru.
             Demolished by a pharaoh ant (20 damage)
             ... on level 3 of the Spider Nest.
             The game lasted 00:16:44 (26950 turns).

qw the Severer (Gargoyle Fighter)                  Turns: 26950, Time: 00:16:45

Health: -14/108    AC: 50    Str: 35    XL:     16   Next: 76%
Magic:  23/23      EV: 14    Int:  8    God:    Okawaru [****..]
Gold:   250        SH:  8    Dex: 15    Spells: 15/15 levels left

rFire   . . .        v - +1 war axe of the Twisting Gods {venom, Drain Will+ rCorr Dex+6}
rCold   + + .        F - +0 buckler {AC+3}
rNeg    + . .        x - +2 plate armour {rC+}
rPois   inf          i - +2 helmet
rElec   +            b - +0 cloak
rCorr   +            G - +0 pair of gloves of the Jackalope {rPois rC+ Str+3 Int-3}
SInv    .            g - +1 pair of boots
Will    ++...        E - amulet of faith Stlth
                     n - +4 ring of protection
HPRegen 0.38/turn    D - +6 ring of strength
MPRegen 0.18/turn

%: faith
@: about to teleport, heroic, flying
A: sickness immunity, AC +12, big wings, negative energy resistance 1,
electricity resistance, torment resistance 1, petrification resistance
a: Renounce Religion, Heroism, Finesse


You were on level 3 of the Spider Nest.
You worshipped Okawaru.
Okawaru was greatly pleased with you.
You visited 5 branches of the dungeon, and saw 26 of its levels.

You collected 2617 gold pieces.
You spent 2367 gold pieces at shops.


Innate Abilities, Weirdness & Mutations

You are immune to sickness and miasma.
Your stone body is resilient. (AC +12)
You are immune to poison.
Your large and strong wings let you fly.
You resist negative energy. (rN+)
You are resistant to electric shocks. (rElec)
You are resistant to unholy torment.
You are immune to petrification.


   Skills:
 - Level 15.0(20.0) Fighting
 - Level 16.0(21.0) Axes
 - Level 8.0(13.0) Throwing
 - Level 14.0(19.0) Armour
 - Level 6.0(11.0) Dodging
 + Level 9.1(14.1) Shields
 - Level 10.1 Invocations


You had 15 spell levels left.
You didn't know any spells.
Your spell library was empty.

Inventory:

Hand Weapons
 u - a +0 morningstar
 v - the +1 war axe of the Twisting Gods (weapon) {venom, Drain Will+ rCorr Dex+6}
   (You found it on level 11 of the Dungeon)

   Dex:       It affects your dexterity (+6).
   rCorr:     It protects you from acid and corrosion.
   Drain:     It drains your maximum health when unequipped.
   Will:      It increases your willpower.
 y - a +0 broad axe
 z - the +4 consecrated labrys {holy, Valiant Fragile Fly SInv}
   (You bought it in a shop on level 13 of the Dungeon)

   Valiant:   It becomes more powerful as more dangerous foes come into view.
   SInv:      It lets you see invisible.
   Fly:       It grants you flight.
   Fragile:   It will be destroyed if unequipped.
 C - the +5 flail "Bixioc" {holy, rF+ rC- Int+8}
   (You bought it in a shop on level 2 of the Orcish Mines)

   Int:       It affects your intelligence (+8).
   rF:        It protects you from fire.
   rC:        It makes you vulnerable to cold.
Missiles
 h - 7 javelins
 p - a boomerang of dispersal
 r - 4 silver boomerangs
 w - 25 boomerangs
 A - 3 silver javelins (quivered)
Armour
 a - +0 acid dragon scales
 b - a +0 cloak (worn)
 g - a +1 pair of boots (worn)
 i - a +2 helmet (worn)
 x - a +2 plate armour of cold resistance (worn)
 F - a +0 buckler of protection (worn)
 G - the +0 pair of gloves of the Jackalope (worn) {rPois rC+ Str+3 Int-3}
   (You bought it in a shop on level 2 of the Orcish Mines)

   Str:       It affects your strength (+3).
   Int:       It affects your intelligence (-3).
   rC:        It protects you from cold.
   rPois:     It protects you from poison.
Jewellery
 j - an amulet of reflection
 n - a +4 ring of protection (left hand)
 D - a +6 ring of strength (right hand)
 E - an amulet of faith (around neck)
Wands
 t - a wand of digging (5)
Scrolls
 f - a scroll of teleportation
 o - 19 scrolls of identify
Potions
 c - 2 potions of cancellation
 d - 2 potions of might
 e - 5 potions of mutation
 k - 2 potions of resistance
 m - 3 potions of haste
 q - 3 potions of lignification
 s - 3 potions of attraction
 B - 2 potions of magic
 H - a potion of curing

Dungeon Overview and Level Annotations

Branches:
Dungeon (15/15)            Temple (1/1) D:6            Lair (5/5) D:9
  Swamp (0/4) Lair:2       Spider (3/4) Lair:2        Slime (0/5) Lair:5
    Orc (2/2) D:9             Elf (0/3) Orc:2        Vaults (0/5) D:13
 Depths (0/4) D:15

Altars:
Ashenzari
Cheibriados
Dithmenos
Elyvilon
Fedhas
Gozag
Hepliaklqana
Kikubaaqudgha
Makhleb
Nemelex Xobeh
Okawaru
Qazlal
Ru
Sif Muna
Trog
Uskayaw
Vehumet
Wu Jian
Xom
Yredelemnul
Zin
The Shining One
Jiyva

Shops:
D:2 *   D:4 (   D:13 (   Orc:1 (   Orc:2 ([=(

Annotations:
D:7 1 runed translucent door
Spider:3 Arachne


Message History

You are even more entangled.
Arachne completely misses you. Arachne hits you but does no damage.
Arachne hits you with a staff of poison!
Arachne hits you with a staff of poison!!
Arachne hits you with a staff of poison.
26945 ||| READING 3 scrolls of teleportation.
As you read the scroll of teleportation, it crumbles to dust.
You feel strangely unstable. Arachne hits you but does no damage.
26946 ||| DRINKING potion of heal wounds.
You feel much better. Arachne hits you but does no damage. x2
Your surroundings suddenly seem different.
A pharaoh ant, a redback and an orb spider come into view.
The pharaoh ant gives a chilling moan.
The orb spider's many legs skitter faintly.
You block the redback's attack.
Enter note:
Enter note:
Enter note:
Enter note:
Enter note:
Enter note: You slash the pharaoh ant!
The pharaoh ant is moderately damaged.
You hit the redback but do no damage.
The redback is poisoned.
The redback bites you but does no damage.
The pharaoh ant bites you!
26949 ||| READING 2 scrolls of teleportation.
As you read the scroll of teleportation, it crumbles to dust.
You feel strangely unstable. The redback closely misses you.
The pharaoh ant bites you! The redback closely misses you.
You hit the pharaoh ant but do no damage.
The pharaoh ant is moderately damaged.
You slice the redback!!
You kill the redback!
Okawaru accepts your kill. The pharaoh ant bites you!!
You die...

## # ###
## ##..##
.##
#....# #
.s.#..
#..# #.#
#....
...#
#...##%.#
...##
#...@B.#
#...#
###...##
#..##
##...#
....#
#...#
..###
##... .)#
.... .##
#^... .#
#####
.###


You could see an orb spider and a pharaoh ant.

Vanquished Creatures
  A ghost moth (Spider:2)
  An emperor scorpion (Spider:2)
  3 broodmothers
  A spark wasp (Spider:1)
  Josephine (D:14)
  An ettin (D:15)
  A jorogumo (Spider:2)
  Erolcha (Orc:1)
  2 catoblepae
  5 hydras
  An ice dragon (D:15)
  3 centaur warriors
  An ogre mage (D:15)
  A radroach (Spider:1)
  2 tengu warriors (D:15)
  5 boulder beetles
  8 two-headed ogres
  9 death yaks (Lair:5)
  3 orc high priests (Orc:2)
  Urug (D:10)
  Nergalle (Lair:2)
  A skyshark (Lair:2)
  5 skeletal warriors (D:14)
  Lodul (D:11)
  A sun moth (Spider:3)
  5 pharaoh ants
  A deep troll (D:15)
  An orb spider (Spider:1)
  A lindwurm (Lair:4)
  6 orc knights
  A wizard (D:15)
  9 ugly things
  7 steelbarb worms
  A necromancer (D:15)
  A deep elf pyromancer (D:15)
  10 wolf spiders
  7 orc sorcerers
  3 cyclopes
  An oklob plant (Lair:2)
  5 manticores
  An elephant (shapeshifter) (D:13)
  4 black mambas
  3 demonic crawlers
  2 moths of wrath
  Maurice (D:8)
  7 torpor snails
  18 elephants
  Maggie (D:8)
  2 gargoyles
  2 unseen horrors
  8 cane toads
  4 rime drakes
  5 komodo dragons
  2 kobold demonologists (D:12)
  2 tengu conjurers
  An efreet (D:14)
  A polar bear (shapeshifter) (D:13)
  3 polar bears
  A meliai (shapeshifter) (D:13)
  7 trolls
  16 tarantellas
  A hornet (shapeshifter) (D:13)
  10 blink frogs
  4 dream sheep (Lair:5)
  Sigmund (D:5)
  17 slime creatures
  9 culicivoras
  A jumping spider (shapeshifter) (D:14)
  8 wraiths
  A vampire (D:11)
  7 jumping spiders
  8 wyverns
  3 basilisks
  Grum (D:8)
  38 yaks
  A steam dragon (D:9)
  24 redbacks
  A warg (shapeshifter) (D:14)
  2 acid dragons
  19 water moccasins
  5 wargs
  22 orc warriors
  A swamp drake (Lair:2)
  6 black bears
  16 ogres
  4 centaurs
  10 wolves
  A phantom (D:5)
  9 kobold brigands
  9 bullfrogs
  3 scorpions
  23 wights
  6 killer bees (D:8)
  6 electric eels
  2 vampire bats (D:11)
  4 howler monkeys (D:9)
  A crimson imp (D:5)
  2 gnoll boudas
  17 orc priests
  3 hounds
  9 jellies
  5 iguanas
  20 orc wizards
  2 sleepcaps
  21 gnolls
  7 adders
  4 white imps
  3 ufetubi
  3 worms
  85 orcs
  3 bat skeletons (D:11)
  2 bat zombies (D:11)
  11 endoplasms
  4 giant cockroaches
  8 goblins
  12 hobgoblins
  7 jackals
  24 kobolds
  6 quokkas
  8 ball pythons
  6 bats
  5 frilled lizards
  A goblin skeleton (D:8)
  2 goblin zombies
  A hobgoblin zombie (D:8)
  A jackal skeleton (D:7)
  2 kobold skeletons
  3 kobold zombies (D:8)
  2 orc skeletons (D:8)
  An orc zombie (D:8)
  5 rats
789 creatures vanquished.

Notes
Turn   | Place    | Note
-------+----------+-------------------------------------------
     0 | D:1      | qw the Gargoyle Fighter began the quest for the Orb.
     0 | D:1      | Reached XP level 1. HP: 14/14 MP: 1/1
     0 | D:1      | 0 ||| qw: Version: 0.2-a-103-g5a998e5
     0 | D:1      | 0 ||| qw: Game counter: 1092
     0 | D:1      | 0 ||| qw: Always use a shield: true
     0 | D:1      | 0 ||| qw: God list: Okawaru
     0 | D:1      | 0 ||| qw: Allow faded altars: false
     0 | D:1      | 0 ||| qw: Do Orc after D:15 true
     0 | D:1      | 0 ||| qw: Do second Lair branch before Depths: true
     0 | D:1      | 0 ||| qw: Lair rune preference: random
     0 | D:1      | 0 ||| qw: Plans: Normal, Zot:1-4, Slime:5, God:TSO, Crypt,
                  | Tomb, Pan, Hells, Abyss, Win
     0 | D:1      | 0 ||| PLANNING D:1-11
    81 | D:1      | Reached skill level 2 in Axes
   412 | D:1      | Reached XP level 2. HP: 19/19 MP: 2/2
   419 | D:1      | 419 ||| Stepping ~*~*~tactically~*~*~ (stealth).
   420 | D:1      | 420 ||| Stepping ~*~*~tactically~*~*~ (stealth).
   422 | D:1      | 422 ||| Stepping ~*~*~tactically~*~*~ (stealth).
   553 | D:1      | Reached skill level 3 in Axes
   610 | D:1      | Reached XP level 3. HP: 23/23 MP: 3/3
   989 | D:1      | 989 ||| UPGRADING to +0 helmet.
   994 | D:1      | 994 ||| UPGRADING to +0 chain mail.
  1004 | D:1      | 1004 ||| DROPPING +0 scale mail.
  1005 | D:1      | 1005 ||| READING scroll labelled XIZOOW QEADGHY.
  1111 | D:2      | 1111 ||| Stepping ~*~*~tactically~*~*~ (hiding).
  1113 | D:2      | 1113 ||| Stepping ~*~*~tactically~*~*~ (hiding).
  1208 | D:2      | Found a faded altar of an unknown god.
  1416 | D:2      | Found Akhex's General Store.
  1424 | D:2      | 1424 ||| BUYING +0 whip (30 gold).
  1424 | D:2      | Bought a +0 whip for 30 gold pieces
  1424 | D:2      | 1424 ||| BUYING potion of lignification (36 gold).
  1424 | D:2      | Bought a potion of lignification for 36 gold pieces
  1424 | D:2      | 1424 ||| DROPPING +0 club.
  1473 | D:2      | 1473 ||| DROPPING +1 heavy hand axe.
  1567 | D:2      | 1567 ||| UPGRADING to +0 cloak.
  1572 | D:2      | 1572 ||| UPGRADING to +4 ring of protection.
  1573 | D:2      | 1573 ||| READING 2 scrolls labelled KAF JITULEC.
  1574 | D:2      | 1574 ||| DRINKING 2 bubbling cyan potions.
  1575 | D:2      | 1575 ||| DRINKING 2 murky ruby potions.
  1636 | D:3      | Reached XP level 4. HP: 22/28 MP: 4/4
  1638 | D:3      | 1638 ||| FLEEEEING.
  1639 | D:3      | 1639 ||| FLEEEEING.
  1640 | D:3      | 1640 ||| FLEEEEING.
  1641 | D:3      | 1641 ||| FLEEEEING.
  1642 | D:3      | 1642 ||| FLEEEEING.
  1643 | D:3      | 1643 ||| FLEEEEING.
  1644 | D:3      | 1644 ||| STAIRDANCE
  1650 | D:2      | 1650 ||| Stepping ~*~*~tactically~*~*~ (stealth).
  1652 | D:2      | 1652 ||| Stepping ~*~*~tactically~*~*~ (stealth).
  1660 | D:2      | 1660 ||| UPGRADING to amulet of reflection.
  1665 | D:2      | 1665 ||| DRINKING 2 yellow potions.
  1673 | D:2      | 1673 ||| DROPPING potion of ambrosia.
  1688 | D:3      | 1688 ||| DROPPING +0 whip.
  1775 | D:3      | Reached skill level 4 in Axes
  1791 | D:3      | 1791 ||| Stepping ~*~*~tactically~*~*~ (stealth).
  1808 | D:3      | 1808 ||| Stepping ~*~*~tactically~*~*~ (hiding).
  1856 | D:3      | Reached XP level 5. HP: 21/32 MP: 5/5
  1872 | D:3      | 1872 ||| Stepping ~*~*~tactically~*~*~ (cloud).
  1888 | D:3      | 1888 ||| Stepping ~*~*~tactically~*~*~ (cloud).
  2087 | D:3      | 2087 ||| Stepping ~*~*~tactically~*~*~ (stealth).
  2164 | D:3      | Reached skill level 5 in Axes
  2200 | D:3      | Noticed a +0 dagger
  2206 | D:3      | Noticed a +0 hand axe
  2213 | D:3      | Found a hide-covered altar of Uskayaw.
  2214 | D:3      | 2214 ||| READING scroll labelled XEGAOL HUIRO.
  2294 | D:3      | Reached XP level 6. HP: 38/38 MP: 6/6
  2394 | D:3      | Found a broken altar of Ashenzari.
  2413 | D:3      | 2413 ||| Stepping ~*~*~tactically~*~*~ (hiding).
  2414 | D:3      | 2414 ||| Stepping ~*~*~tactically~*~*~ (hiding).
  2416 | D:3      | 2416 ||| Stepping ~*~*~tactically~*~*~ (hiding).
  2418 | D:3      | 2418 ||| Stepping ~*~*~tactically~*~*~ (hiding).
  2535 | D:3      | 2535 ||| DRINKING 2 golden potions.
  2536 | D:3      | 2536 ||| DRINKING 3 silvery potions.
  2537 | D:3      | 2537 ||| READING 5 scrolls of identify.
  2537 | D:3      | 2537 ||| IDENTIFYING orange potion
  2538 | D:3      | 2538 ||| READING 4 scrolls of identify.
  2538 | D:3      | 2538 ||| IDENTIFYING murky orange potion
  2539 | D:3      | 2539 ||| READING 3 scrolls of identify.
  2539 | D:3      | 2539 ||| IDENTIFYING murky purple potion
  2540 | D:3      | 2540 ||| READING 2 scrolls of identify.
  2540 | D:3      | 2540 ||| IDENTIFYING fizzy ruby potion
  2541 | D:3      | 2541 ||| DROPPING potion of degeneration.
  2542 | D:3      | 2542 ||| DROPPING potion of flight.
  2543 | D:3      | 2543 ||| DROPPING potion of invisibility.
  2544 | D:3      | 2544 ||| DROPPING 2 potions of brilliance.
  2653 | D:4      | 2653 ||| Stepping ~*~*~tactically~*~*~ (stealth).
  2655 | D:4      | 2655 ||| Stepping ~*~*~tactically~*~*~ (stealth).
  2939 | D:4      | Reached skill level 6 in Axes
  3000 | D:4      | Found a bloodstained altar of Trog.
  3055 | D:4      | 3055 ||| Stepping ~*~*~tactically~*~*~ (stealth).
  3203 | D:4      | Found Hont's Antique Weapon Shop.
  3241 | D:4      | 3241 ||| DROPPING scarf of harm.
  3242 | D:4      | 3242 ||| READING scroll labelled ROKHOI VUORIJI.
  3243 | D:4      | 3243 ||| READING scroll labelled ICIVOZARRE.
  3244 | D:4      | 3244 ||| DRINKING 2 fizzy grey potions.
  3258 | D:5      | Entered Level 5 of the Dungeon
  3261 | D:5      | Reached skill level 1 in Dodging
  3261 | D:5      | Reached XP level 7. HP: 40/43 MP: 7/7
  3324 | D:5      | Found a sparkling altar of Nemelex Xobeh.
  3535 | D:5      | Noticed Sigmund
  3548 | D:5      | 3548 ||| DRINKING potion of curing.
  3548 | D:5      | 3548 ||| (to cure confusion)
  3550 | D:5      | Killed Sigmund
  3551 | D:5      | Reached skill level 7 in Axes
  3574 | D:5      | 3574 ||| Stepping ~*~*~tactically~*~*~ (stealth).
  3676 | D:5      | 3676 ||| Stepping ~*~*~tactically~*~*~ (stealth).
  3677 | D:5      | 3677 ||| Stepping ~*~*~tactically~*~*~ (stealth).
  3721 | D:5      | 3721 ||| Stepping ~*~*~tactically~*~*~ (stealth).
  3739 | D:5      | Reached XP level 8. HP: 44/49 MP: 8/8
  3761 | D:5      | Found a snail-covered altar of Cheibriados.
  3777 | D:5      | 3777 ||| Stepping ~*~*~tactically~*~*~ (stealth).
  3778 | D:5      | 3778 ||| Stepping ~*~*~tactically~*~*~ (stealth).
  3801 | D:5      | 3801 ||| Stepping ~*~*~tactically~*~*~ (hiding).
  3809 | D:5      | 3809 ||| Stepping ~*~*~tactically~*~*~ (hiding).
  3824 | D:5      | Reached skill level 1 in Throwing
  3888 | D:5      | Found a blossoming altar of Fedhas.
  4379 | D:5      | 4379 ||| READING scroll labelled COSAMNI OTTUAQ.
  4380 | D:5      | 4380 ||| READING scroll labelled NIFFURAEDEL.
  4384 | D:5      | 4384 ||| READING scroll labelled PEELECHEBIO.
  4485 | D:5      | 4485 ||| READING 3 scrolls of identify.
  4485 | D:5      | 4485 ||| IDENTIFYING blue potion
  4507 | D:6      | 4507 ||| Stepping ~*~*~tactically~*~*~ (hiding).
  4509 | D:6      | 4509 ||| Stepping ~*~*~tactically~*~*~ (hiding).
  4528 | D:6      | Reached skill level 8 in Axes
  4637 | D:6      | 4637 ||| Stepping ~*~*~tactically~*~*~ (hiding).
  4665 | D:6      | 4665 ||| Stepping ~*~*~tactically~*~*~ (stealth).
  4680 | D:6      | Reached skill level 6 in Fighting
  4702 | D:6      | 4702 ||| Stepping ~*~*~tactically~*~*~ (hiding).
  4703 | D:6      | 4703 ||| Stepping ~*~*~tactically~*~*~ (hiding).
  4715 | D:6      | Found a staircase to the Ecumenical Temple.
  4716 | D:6      | 4716 ||| PLANNING TEMPLE
  4716 | D:6      | 4716 ||| UPGRADING to +0 plate armour.
  4726 | D:6      | 4726 ||| DROPPING +0 chain mail.
  4727 | D:6      | 4727 ||| READING scroll labelled GUFUT RUVO.
  4736 | Temple   | Entered the Ecumenical Temple
  4889 | Temple   | 4889 ||| PLANNING D:1-11
  5174 | D:6      | 5174 ||| Stepping ~*~*~tactically~*~*~ (stealth).
  5349 | D:6      | Reached XP level 9. HP: 52/55 MP: 9/9
  5692 | D:7      | Found a runed translucent door.
  5717 | D:7      | HP: 12/55 [ogre/+0 giant spiked club (5)]
  5718 | D:7      | 5718 ||| DRINKING 2 potions of heal wounds.
  5839 | D:7      | 5839 ||| Stepping ~*~*~tactically~*~*~ (hiding).
  5850 | D:7      | Reached skill level 9 in Axes
  5888 | D:7      | 5888 ||| Stepping ~*~*~tactically~*~*~ (stealth).
  6033 | D:7      | Found a basalt altar of Yredelemnul.
  6080 | D:7      | Reached skill level 6 in Armour
  6119 | D:7      | 6119 ||| Stepping ~*~*~tactically~*~*~ (hiding).
  6191 | D:7      | 6191 ||| DRINKING potion of cancellation.
  6200 | D:7      | HP: 14/57 [slime creature (4)]
  6201 | D:7      | 6201 ||| DRINKING potion of heal wounds.
  6245 | D:7      | 6245 ||| Stepping ~*~*~tactically~*~*~ (stealth).
  6359 | D:7      | 6359 ||| DROPPING +1 whip of pain.
  6375 | D:7      | 6375 ||| READING 4 scrolls of identify.
  6375 | D:7      | 6375 ||| IDENTIFYING murky sapphire potion
  6377 | D:7      | 6377 ||| DROPPING potion of berserk rage.
  6529 | D:7      | 6529 ||| Stepping ~*~*~tactically~*~*~ (hiding).
  6972 | D:7      | 6972 ||| READING scroll labelled WARUIM ROQOBE.
  7242 | D:7      | 7242 ||| READING scroll of enchant armour.
  7242 | D:7      | 7242 ||| ENCHANTING +0 helmet.
  7362 | D:7      | Reached skill level 10 in Axes
  7405 | D:8      | Found a glowing silver altar of Zin.
  7450 | D:8      | 7450 ||| Stepping ~*~*~tactically~*~*~ (stealth).
  7452 | D:8      | 7452 ||| Stepping ~*~*~tactically~*~*~ (stealth).
  7473 | D:8      | 7473 ||| Stepping ~*~*~tactically~*~*~ (hiding).
  7485 | D:8      | Found a glowing golden altar of the Shining One.
  7485 | D:8      | Noticed a gargoyle
  7486 | D:8      | 7486 ||| Stepping ~*~*~tactically~*~*~ (stealth).
  7494 | D:8      | Killed a gargoyle
  7495 | D:8      | Reached XP level 10. HP: 51/64 MP: 10/10
  7503 | D:8      | 7503 ||| FLEEEEING.
  7504 | D:8      | 7504 ||| FLEEEEING.
  7505 | D:8      | 7505 ||| FLEEEEING.
  7562 | D:8      | 7562 ||| Stepping ~*~*~tactically~*~*~ (stealth).
  7572 | D:8      | Noticed Maurice
  7583 | D:8      | Killed Maurice
  7652 | D:8      | 7652 ||| Stepping ~*~*~tactically~*~*~ (hiding).
  7660 | D:8      | 7660 ||| DRINKING potion of curing.
  7660 | D:8      | 7660 ||| (to cure confusion)
  7663 | D:8      | 7663 ||| FLEEEEING.
  7708 | D:8      | 7708 ||| Stepping ~*~*~tactically~*~*~ (hiding).
  7886 | D:8      | 7886 ||| Stepping ~*~*~tactically~*~*~ (stealth).
  7924 | D:8      | Found an opulent altar of Gozag.
  7925 | D:8      | Noticed Grum
  7926 | D:8      | 7926 ||| Stepping ~*~*~tactically~*~*~ (hiding).
  7928 | D:8      | 7928 ||| Stepping ~*~*~tactically~*~*~ (hiding).
  7950 | D:8      | Killed Grum
  8034 | D:8      | Found a burning altar of Makhleb.
  8034 | D:8      | Found a shadowy altar of Dithmenos.
  8034 | D:8      | Found an iron altar of Okawaru.
  8035 | D:8      | 8035 ||| PLANNING OKAWARU WORSHIP
  8035 | D:8      | 8035 ||| UPGRADING to +0 pair of boots.
  8040 | D:8      | 8040 ||| READING 2 scrolls labelled NILESU TIGHU.
  8041 | D:8      | 8041 ||| DROPPING scroll of vulnerability.
  8050 | D:8      | Became a worshipper of Warmaster Okawaru
  8050 | D:8      | 8050 ||| PLANNING D:1-11
  8091 | D:8      | Noticed Maggie
  8112 | D:8      | Killed Maggie
  8276 | D:8      | 8276 ||| Stepping ~*~*~tactically~*~*~ (stealth).
  8292 | D:8      | Reached skill level 11 in Axes
  8292 | D:8      | Reached * piety under Okawaru
  8546 | D:8      | 8546 ||| READING scroll labelled ROOSO PELURETH.
  8580 | D:9      | Noticed a two-headed ogre
  8581 | D:9      | Reached skill level 1 in Invocations
  8581 | D:9      | 8581 ||| INVOKING Heroism.
  8597 | D:9      | Reached skill level 3 in Invocations
  8599 | D:9      | 8599 ||| INVOKING Heroism.
  8607 | D:9      | Reached ** piety under Okawaru
  8609 | D:9      | Reached XP level 11. HP: 49/69 MP: 8/13
  8612 | D:9      | Killed a two-headed ogre
  8613 | D:9      | Reached skill level 9 in Fighting
  8624 | D:9      | 8624 ||| INVOKING Heroism.
  8647 | D:9      | 8647 ||| Stepping ~*~*~tactically~*~*~ (stealth).
  8680 | D:9      | 8680 ||| FLEEEEING.
  8681 | D:9      | 8681 ||| FLEEEEING.
  8682 | D:9      | 8682 ||| FLEEEEING.
  8683 | D:9      | 8683 ||| STAIRDANCE
  8748 | D:9      | 8748 ||| STAIRDANCE
  8792 | D:8      | 8792 ||| SWAPPING to +2 war axe of freezing.
  8793 | D:8      | 8793 ||| DROPPING +1 war axe.
  8808 | D:9      | 8808 ||| INVOKING Heroism.
  8819 | D:9      | 8819 ||| Stepping ~*~*~tactically~*~*~ (hiding).
  8829 | D:9      | 8829 ||| INVOKING Heroism.
  8956 | D:9      | 8956 ||| Stepping ~*~*~tactically~*~*~ (stealth).
  8958 | D:9      | 8958 ||| Stepping ~*~*~tactically~*~*~ (hiding).
  8962 | D:9      | 8962 ||| INVOKING Heroism.
  9094 | D:9      | Found a staircase to the Orcish Mines.
  9144 | D:9      | Found a white marble altar of Elyvilon.
  9148 | D:9      | Found a shimmering altar of Xom.
  9149 | D:9      | Found a sacrificial altar of Ru.
  9163 | D:9      | 9163 ||| Stepping ~*~*~tactically~*~*~ (hiding).
  9164 | D:9      | 9164 ||| INVOKING Heroism.
  9236 | D:9      | Found a staircase to the Lair.
  9275 | D:9      | Noticed a two-headed ogre
  9276 | D:9      | 9276 ||| INVOKING Heroism.
  9282 | D:9      | Killed a two-headed ogre
  9344 | D:9      | 9344 ||| PLANNING LAIR
  9344 | D:9      | 9344 ||| UPGRADING to +6 ring of dexterity.
  9382 | Lair:1   | Entered Level 1 of the Lair of Beasts
  9407 | Lair:1   | Reached *** piety under Okawaru
  9408 | Lair:1   | Reached skill level 12 in Axes
  9412 | Lair:1   | 9412 ||| INVOKING Heroism.
  9420 | Lair:1   | Reached skill level 9 in Armour
  9522 | Lair:1   | 9522 ||| FLEEEEING.
  9523 | Lair:1   | 9523 ||| FLEEEEING.
  9524 | Lair:1   | 9524 ||| FLEEEEING.
  9525 | Lair:1   | 9525 ||| STAIRDANCE
  9591 | Lair:1   | 9591 ||| INVOKING Heroism.
  9851 | Lair:1   | 9851 ||| READING scroll of enchant armour.
  9851 | Lair:1   | 9851 ||| ENCHANTING +1 helmet.
  9866 | Lair:1   | 9866 ||| INVOKING Heroism.
  9879 | Lair:1   | Reached skill level 3 in Dodging
  9942 | Lair:1   | 9942 ||| Stepping ~*~*~tactically~*~*~ (stealth).
  9946 | Lair:1   | 9946 ||| INVOKING Heroism.
  9949 | Lair:1   | Reached skill level 6 in Shields
  9960 | Lair:1   | Reached **** piety under Okawaru
 10150 | Lair:1   | 10150 ||| READING scroll labelled ZIOCRU CIASALL.
 10172 | Lair:2   | Noticed Nergalle
 10173 | Lair:2   | 10173 ||| INVOKING Heroism.
 10188 | Lair:2   | Killed Nergalle
 10188 | Lair:2   | Received a gift from Okawaru
 10189 | Lair:2   | Reached XP level 12. HP: 49/77 MP: 13/16
 10195 | Lair:2   | 10195 ||| STAIRDANCE
 10197 | Lair:1   | 10197 ||| INVOKING Heroism.
 10333 | Lair:2   | 10333 ||| STAIRDANCE
 10341 | Lair:1   | Reached skill level 6 in Invocations
 10413 | Lair:2   | 10413 ||| Stepping ~*~*~tactically~*~*~ (stealth).
 10418 | Lair:2   | 10418 ||| Stepping ~*~*~tactically~*~*~ (stealth).
 10443 | Lair:2   | 10443 ||| INVOKING Heroism.
 10475 | Lair:2   | HP: 17/77 [oklob plant/splash of acid (29)]
 10476 | Lair:2   | 10476 ||| READING 2 scrolls of teleportation.
 10477 | Lair:2   | 10477 ||| DRINKING 3 potions of heal wounds.
 10478 | Lair:2   | 10478 ||| INVOKING Heroism.
 10657 | Lair:2   | 10657 ||| INVOKING Heroism.
 10708 | Lair:2   | Noticed a skyshark
 10725 | Lair:2   | Killed a skyshark
 10765 | Lair:2   | Found a hole to the Spider Nest.
 10766 | Lair:2   | 10766 ||| INVOKING Heroism.
 10772 | Lair:2   | Reached skill level 3 in Throwing
 10800 | Lair:2   | 10800 ||| READING scroll labelled ONTIRAZESK.
 10815 | Lair:2   | 10815 ||| Stepping ~*~*~tactically~*~*~ (cloud).
 10821 | Lair:2   | 10821 ||| INVOKING Heroism.
 11633 | Lair:2   | 11633 ||| INVOKING Heroism.
 11672 | Lair:2   | Found a staircase to the Swamp.
 11791 | Lair:2   | 11791 ||| Stepping ~*~*~tactically~*~*~ (stealth).
 11792 | Lair:2   | 11792 ||| Stepping ~*~*~tactically~*~*~ (stealth).
 11793 | Lair:2   | 11793 ||| Stepping ~*~*~tactically~*~*~ (stealth).
 11796 | Lair:2   | 11796 ||| Stepping ~*~*~tactically~*~*~ (stealth).
 12016 | Lair:3   | 12016 ||| STAIRDANCE
 12166 | Lair:3   | 12166 ||| INVOKING Heroism.
 12207 | Lair:3   | 12207 ||| Stepping ~*~*~tactically~*~*~ (stealth).
 12223 | Lair:3   | 12223 ||| INVOKING Heroism.
 12431 | Lair:3   | Reached skill level 13 in Axes
 12457 | Lair:3   | 12457 ||| INVOKING Heroism.
 12567 | Lair:3   | 12567 ||| DROPPING +0 flail.
 13204 | Lair:3   | 13204 ||| READING 8 scrolls of identify.
 13204 | Lair:3   | 13204 ||| IDENTIFYING smoky golden potion
 13386 | Lair:4   | Received a gift from Okawaru
 13428 | Lair:4   | 13428 ||| Stepping ~*~*~tactically~*~*~ (hiding).
 13449 | Lair:4   | 13449 ||| INVOKING Heroism.
 13456 | Lair:4   | Reached XP level 13. HP: 58/82 MP: 16/19
 13539 | Lair:4   | 13539 ||| FLEEEEING.
 13541 | Lair:4   | 13541 ||| INVOKING Heroism.
 13552 | Lair:4   | Reached skill level 9 in Invocations
 13689 | Lair:4   | 13689 ||| INVOKING Heroism.
 13776 | Lair:4   | 13776 ||| Stepping ~*~*~tactically~*~*~ (stealth).
 13788 | Lair:4   | 13788 ||| INVOKING Heroism.
 13936 | Lair:4   | Reached ***** piety under Okawaru
 14085 | Lair:5   | Entered Level 5 of the Lair of Beasts
 14086 | Lair:5   | 14086 ||| INVOKING Heroism.
 14091 | Lair:5   | 14091 ||| SWAPPING to +0 morningstar.
 14098 | Lair:5   | 14098 ||| SWAPPING to +2 war axe of freezing.
 14151 | Lair:5   | 14151 ||| INVOKING Heroism.
 14152 | Lair:5   | 14152 ||| INVOKING Finesse.
 14180 | Lair:5   | Reached skill level 14 in Axes
 14343 | Lair:5   | 14343 ||| INVOKING Heroism.
 14344 | Lair:5   | 14344 ||| INVOKING Finesse.
 14347 | Lair:5   | 14347 ||| SWAPPING to +0 morningstar.
 14355 | Lair:5   | 14355 ||| SWAPPING to +2 war axe of freezing.
 14418 | Lair:5   | 14418 ||| Stepping ~*~*~tactically~*~*~ (stealth).
 14428 | Lair:5   | Received a gift from Okawaru
 14431 | Lair:5   | 14431 ||| FLEEEEING.
 14526 | Lair:5   | 14526 ||| INVOKING Heroism.
 14554 | Lair:5   | 14554 ||| INVOKING Heroism.
 14717 | Lair:5   | Found a staircase to the Slime Pits.
 14717 | Lair:5   | Found a viscous altar of Jiyva.
 14719 | Lair:5   | 14719 ||| Stepping ~*~*~tactically~*~*~ (hiding).
 15034 | Lair:5   | Gained mutation: Your large and strong wings let you fly.
                  | [Gargoyle growth]
 15034 | Lair:5   | Reached XP level 14. HP: 90/90 MP: 21/21
 15039 | Lair:5   | 15039 ||| INVOKING Heroism.
 15040 | Lair:5   | 15040 ||| Stepping ~*~*~tactically~*~*~ (stealth).
 15041 | Lair:5   | 15041 ||| INVOKING Finesse.
 15065 | Lair:5   | Reached skill level 15 in Axes
 15108 | Lair:5   | 15108 ||| Stepping ~*~*~tactically~*~*~ (hiding).
 15232 | Lair:5   | 15232 ||| Stepping ~*~*~tactically~*~*~ (stealth).
 15234 | Lair:5   | 15234 ||| INVOKING Heroism.
 15237 | Lair:5   | 15237 ||| INVOKING Finesse.
 15248 | Lair:5   | Received a gift from Okawaru
 15289 | Lair:5   | 15289 ||| Stepping ~*~*~tactically~*~*~ (hiding).
 15293 | Lair:5   | 15293 ||| INVOKING Heroism.
 15316 | Lair:5   | 15316 ||| SWAPPING to +0 morningstar.
 15324 | Lair:5   | 15324 ||| SWAPPING to +2 war axe of freezing.
 15430 | Lair:5   | Found the +2 Maxwell's thermic engine {flame, freeze, rev}
 15570 | Lair:5   | 15570 ||| PLANNING D:1-11
 15570 | Lair:5   | 15570 ||| UPGRADING to +2 plate armour of cold resistance.
 15580 | Lair:5   | 15580 ||| DROPPING +0 plate armour.
 15581 | Lair:5   | 15581 ||| DROPPING ring of flight.
 15652 | D:10     | Entered Level 10 of the Dungeon
 16103 | D:10     | Noticed Urug
 16104 | D:10     | 16104 ||| Stepping ~*~*~tactically~*~*~ (hiding).
 16108 | D:10     | 16108 ||| INVOKING Heroism.
 16116 | D:10     | Killed Urug
 16123 | D:10     | 16123 ||| Stepping ~*~*~tactically~*~*~ (stealth).
 16128 | D:10     | 16128 ||| Stepping ~*~*~tactically~*~*~ (hiding).
 16130 | D:10     | 16130 ||| Stepping ~*~*~tactically~*~*~ (hiding).
 16131 | D:10     | 16131 ||| Stepping ~*~*~tactically~*~*~ (hiding).
 16626 | D:11     | 16626 ||| Stepping ~*~*~tactically~*~*~ (stealth).
 16628 | D:11     | 16628 ||| Stepping ~*~*~tactically~*~*~ (hiding).
 16739 | D:11     | Identified the +1 war axe of the Twisting Gods {venom,
                  | Drain Will+ rCorr Dex+6}
 16741 | D:11     | 16741 ||| SWAPPING to +1 war axe of the Twisting Gods
                  | {venom, Drain Will+ rCorr Dex+6}.
 16742 | D:11     | 16742 ||| DROPPING +2 war axe of freezing.
 16814 | D:11     | 16814 ||| Stepping ~*~*~tactically~*~*~ (stealth).
 16817 | D:11     | Noticed Lodul
 16818 | D:11     | 16818 ||| Stepping ~*~*~tactically~*~*~ (stealth).
 16833 | D:11     | 16833 ||| Stepping ~*~*~tactically~*~*~ (stealth).
 16834 | D:11     | 16834 ||| Stepping ~*~*~tactically~*~*~ (stealth).
 16835 | D:11     | 16835 ||| Stepping ~*~*~tactically~*~*~ (hiding).
 16836 | D:11     | 16836 ||| Stepping ~*~*~tactically~*~*~ (hiding).
 16837 | D:11     | 16837 ||| Stepping ~*~*~tactically~*~*~ (hiding).
 16850 | D:11     | Killed Lodul
 16889 | D:11     | Found an ancient bone altar of Kikubaaqudgha.
 17070 | D:11     | 17070 ||| Stepping ~*~*~tactically~*~*~ (hiding).
 17090 | D:11     | 17090 ||| PLANNING D
 17118 | D:12     | 17118 ||| INVOKING Heroism.
 17119 | D:12     | 17119 ||| READING 3 scrolls of teleportation.
 17217 | D:12     | 17217 ||| INVOKING Heroism.
 17453 | D:12     | 17453 ||| INVOKING Heroism.
 17863 | D:13     | Found Gemmesch's Weapon Boutique.
 17866 | D:13     | 17866 ||| BUYING +4 consecrated labrys {holy, Valiant
                  | Fragile Fly SInv} (453 gold).
 17866 | D:13     | Bought the +4 consecrated labrys {holy, Valiant Fragile Fly
                  | SInv} for 453 gold pieces
 17866 | D:13     | Found the +4 consecrated labrys {holy, Valiant Fragile Fly
                  | SInv}
 17908 | D:13     | 17908 ||| Stepping ~*~*~tactically~*~*~ (hiding).
 17970 | D:13     | 17970 ||| READING scroll of enchant armour.
 17970 | D:13     | 17970 ||| ENCHANTING +0 pair of boots.
 18030 | D:13     | Received a gift from Okawaru
 18035 | D:13     | 18035 ||| Stepping ~*~*~tactically~*~*~ (stealth).
 18036 | D:13     | 18036 ||| Stepping ~*~*~tactically~*~*~ (stealth).
 18037 | D:13     | 18037 ||| Stepping ~*~*~tactically~*~*~ (stealth).
 18048 | D:13     | 18048 ||| INVOKING Heroism.
 18049 | D:13     | 18049 ||| INVOKING Finesse.
 18114 | D:13     | 18114 ||| INVOKING Heroism.
 18123 | D:13     | Reached skill level 6 in Throwing
 18145 | D:13     | 18145 ||| READING scroll labelled GUTOSTREPTUR.
 18155 | D:13     | Reached skill level 12 in Fighting
 18264 | D:13     | 18264 ||| Stepping ~*~*~tactically~*~*~ (hiding).
 18265 | D:13     | 18265 ||| Stepping ~*~*~tactically~*~*~ (hiding).
 18566 | D:13     | Received a gift from Okawaru
 18581 | D:13     | Found a gate to the Vaults.
 18786 | D:14     | 18786 ||| INVOKING Heroism.
 18787 | D:14     | 18787 ||| INVOKING Finesse.
 18845 | D:14     | 18845 ||| INVOKING Heroism.
 18972 | D:14     | Noticed Josephine
 18980 | D:14     | 18980 ||| INVOKING Heroism.
 18985 | D:14     | Killed Josephine
 18986 | D:14     | Reached XP level 15. HP: 96/96 MP: 19/22
 19026 | D:14     | Reached skill level 16 in Axes
 19032 | D:14     | Received a gift from Okawaru
 19046 | D:14     | 19046 ||| FLEEEEING.
 19047 | D:14     | 19047 ||| FLEEEEING.
 19048 | D:14     | 19048 ||| FLEEEEING.
 19049 | D:14     | 19049 ||| FLEEEEING.
 19050 | D:14     | 19050 ||| FLEEEEING.
 19051 | D:14     | 19051 ||| FLEEEEING.
 19052 | D:14     | 19052 ||| FLEEEEING.
 19053 | D:14     | 19053 ||| FLEEEEING.
 19054 | D:14     | 19054 ||| FLEEEEING.
 19055 | D:14     | 19055 ||| FLEEEEING.
 19056 | D:14     | 19056 ||| FLEEEEING.
 19059 | D:14     | 19059 ||| FLEEEEING.
 19060 | D:14     | 19060 ||| FLEEEEING.
 19062 | D:14     | 19062 ||| STAIRDANCE
 19224 | D:14     | 19224 ||| STAIRDANCE
 19258 | D:14     | 19258 ||| INVOKING Heroism.
 19259 | D:14     | 19259 ||| INVOKING Finesse.
 19445 | D:14     | You are sucked into a shaft and drop 1 floor!
 19445 | D:15     | Entered Level 15 of the Dungeon
 19455 | D:15     | Found a frozen archway.
 19456 | D:15     | 19456 ||| INVOKING Heroism.
 19814 | D:15     | 19814 ||| INVOKING Heroism.
 19822 | D:15     | Received a gift from Okawaru
 19907 | D:15     | Reached skill level 12 in Armour
 19908 | D:15     | 19908 ||| Stepping ~*~*~tactically~*~*~ (stealth).
 19920 | D:15     | 19920 ||| Stepping ~*~*~tactically~*~*~ (stealth).
 19938 | D:15     | 19938 ||| Stepping ~*~*~tactically~*~*~ (stealth).
 19971 | D:15     | 19971 ||| INVOKING Heroism.
 20052 | D:15     | 20052 ||| INVOKING Heroism.
 20056 | D:15     | 20056 ||| INVOKING Finesse.
 20149 | D:15     | 20149 ||| INVOKING Heroism.
 20209 | D:15     | 20209 ||| INVOKING Heroism.
 20266 | D:15     | 20266 ||| INVOKING Heroism.
 20292 | D:15     | Found a blossoming altar of Fedhas.
 20319 | D:15     | Found a staircase to the Depths.
 20343 | D:15     | 20343 ||| INVOKING Heroism.
 20493 | D:15     | 20493 ||| Stepping ~*~*~tactically~*~*~ (hiding).
 20516 | D:15     | 20516 ||| INVOKING Heroism.
 20661 | D:15     | 20661 ||| INVOKING Heroism.
 20832 | D:15     | 20832 ||| INVOKING Heroism.
 20977 | D:15     | 20977 ||| INVOKING Heroism.
 21178 | D:15     | 21178 ||| PLANNING ORC
 21178 | D:15     | 21178 ||| READING 16 scrolls of identify.
 21178 | D:15     | 21178 ||| IDENTIFYING fuming clear potion
 21307 | Orc:1    | Entered Level 1 of the Orcish Mines
 21309 | Orc:1    | 21309 ||| Stepping ~*~*~tactically~*~*~ (hiding).
 21310 | Orc:1    | 21310 ||| Stepping ~*~*~tactically~*~*~ (hiding).
 21311 | Orc:1    | 21311 ||| Stepping ~*~*~tactically~*~*~ (hiding).
 21312 | Orc:1    | 21312 ||| Stepping ~*~*~tactically~*~*~ (hiding).
 21313 | Orc:1    | 21313 ||| Stepping ~*~*~tactically~*~*~ (hiding).
 21314 | Orc:1    | 21314 ||| INVOKING Heroism.
 21504 | Orc:1    | 21504 ||| Stepping ~*~*~tactically~*~*~ (stealth).
 21505 | Orc:1    | Noticed Erolcha
 21506 | Orc:1    | 21506 ||| Stepping ~*~*~tactically~*~*~ (hiding).
 21507 | Orc:1    | 21507 ||| Stepping ~*~*~tactically~*~*~ (hiding).
 21523 | Orc:1    | 21523 ||| Stepping ~*~*~tactically~*~*~ (hiding).
 21526 | Orc:1    | 21526 ||| Stepping ~*~*~tactically~*~*~ (hiding).
 21530 | Orc:1    | 21530 ||| Stepping ~*~*~tactically~*~*~ (hiding).
 21531 | Orc:1    | 21531 ||| Stepping ~*~*~tactically~*~*~ (hiding).
 21533 | Orc:1    | 21533 ||| Stepping ~*~*~tactically~*~*~ (stealth).
 21541 | Orc:1    | Killed Erolcha
 21651 | Orc:2    | Entered Level 2 of the Orcish Mines
 21651 | Orc:2    | Found a staircase to the Elven Halls.
 21673 | Orc:2    | Reached skill level 6 in Dodging
 21885 | Orc:1    | Found Nyaqauq's Weapon Shoppe.
 22103 | Orc:2    | 22103 ||| Stepping ~*~*~tactically~*~*~ (stealth).
 22122 | Orc:2    | 22122 ||| Stepping ~*~*~tactically~*~*~ (stealth).
 22164 | Orc:2    | Received a gift from Okawaru
 22251 | Orc:2    | 22251 ||| Stepping ~*~*~tactically~*~*~ (stealth).
 22553 | Orc:2    | 22553 ||| Stepping ~*~*~tactically~*~*~ (hiding).
 22562 | Orc:2    | 22562 ||| INVOKING Heroism.
 22569 | Orc:2    | 22569 ||| Stepping ~*~*~tactically~*~*~ (hiding).
 22572 | Orc:2    | Found Couhacs's Antique Weapon Boutique.
 22599 | Orc:2    | Reached skill level 9 in Shields
 22606 | Orc:2    | Received a gift from Okawaru
 22608 | Orc:2    | 22608 ||| INVOKING Heroism.
 22614 | Orc:2    | HP: 13/98 [orc high priest/divine providence (12)]
 22615 | Orc:2    | 22615 ||| READING 3 scrolls of teleportation.
 22616 | Orc:2    | 22616 ||| DRINKING 3 potions of heal wounds.
 22677 | Orc:2    | 22677 ||| Stepping ~*~*~tactically~*~*~ (stealth).
 22684 | Orc:2    | 22684 ||| Stepping ~*~*~tactically~*~*~ (stealth).
 22685 | Orc:2    | 22685 ||| INVOKING Heroism.
 22687 | Orc:2    | 22687 ||| Stepping ~*~*~tactically~*~*~ (hiding).
 22767 | Orc:2    | 22767 ||| INVOKING Heroism.
 22794 | Orc:2    | 22794 ||| Stepping ~*~*~tactically~*~*~ (hiding).
 22801 | Orc:2    | 22801 ||| Stepping ~*~*~tactically~*~*~ (stealth).
 22838 | Orc:2    | 22838 ||| INVOKING Heroism.
 22854 | Orc:2    | Reached XP level 16. HP: 67/104 MP: 23/23
 22964 | Orc:2    | Found Camnook's Armour Boutique.
 22965 | Orc:2    | Found Lowkinen's Weapon Shoppe.
 22965 | Orc:2    | Found Vous's Jewellery Shoppe.
 22976 | Orc:2    | 22976 ||| BUYING brightly glowing flail (306 gold).
 22976 | Orc:2    | Bought a brightly glowing flail for 306 gold pieces
 22976 | Orc:2    | Identified the +5 flail "Bixioc" {holy, rF+ rC- Int+8} (You
                  | bought it in a shop on level 2 of the Orcish Mines)
 22978 | Orc:2    | 22978 ||| BUYING +6 ring of strength (504 gold).
 22978 | Orc:2    | Bought a +6 ring of strength for 504 gold pieces
 22978 | Orc:2    | 22978 ||| BUYING amulet of faith (560 gold).
 22978 | Orc:2    | Bought an amulet of faith for 560 gold pieces
 22978 | Orc:2    | 22978 ||| SHOPLISTING ring "Xoexu" {rC+ rCorr MP+9 Str-2
                  | Int+5} (879 gold, have 481).
 23002 | Orc:2    | 23002 ||| BUYING +0 buckler of protection (161 gold).
 23002 | Orc:2    | Bought a +0 buckler of protection for 161 gold pieces
 23002 | Orc:2    | 23002 ||| BUYING +0 pair of gloves of the Jackalope {rPois
                  | rC+ Str+3 Int-3} (317 gold).
 23002 | Orc:2    | Bought the +0 pair of gloves of the Jackalope {rPois rC+
                  | Str+3 Int-3} for 317 gold pieces
 23002 | Orc:2    | 23002 ||| SHOPLISTING +3 plate armour of fire resistance
                  | (630 gold, have 3).
 23002 | Orc:2    | 23002 ||| SHOPLISTING scarf of resistance (448 gold, have
                  | 3).
 23110 | Orc:2    | 23110 ||| PLANNING SPIDER:1-3
 23110 | Orc:2    | 23110 ||| UPGRADING to +0 buckler of protection.
 23120 | Orc:2    | 23120 ||| DROPPING +0 buckler.
 23121 | Orc:2    | 23121 ||| UPGRADING to +0 pair of gloves of the Jackalope
                  | {rPois rC+ Str+3 Int-3}.
 23126 | Orc:2    | 23126 ||| UPGRADING to amulet of faith.
 23136 | Orc:2    | 23136 ||| UPGRADING to +6 ring of strength.
 23138 | Orc:2    | 23138 ||| DROPPING +6 ring of dexterity.
 23235 | Spider:1 | Entered Level 1 of the Spider Nest
 23259 | Spider:1 | 23259 ||| Stepping ~*~*~tactically~*~*~ (stealth).
 23289 | Spider:1 | 23289 ||| INVOKING Heroism.
 23502 | Spider:1 | Received a gift from Okawaru
 23657 | Spider:1 | 23657 ||| Stepping ~*~*~tactically~*~*~ (stealth).
 23665 | Spider:1 | 23665 ||| INVOKING Heroism.
 23873 | Spider:1 | 23873 ||| INVOKING Heroism.
 23891 | Spider:1 | Received a gift from Okawaru
 24221 | Spider:2 | 24221 ||| INVOKING Heroism.
 24254 | Spider:2 | 24254 ||| INVOKING Heroism.
 24255 | Spider:2 | HP: 22/105 [jorogumo (10)]
 24256 | Spider:2 | 24256 ||| READING 3 scrolls of teleportation.
 24257 | Spider:2 | 24257 ||| DRINKING 2 potions of heal wounds.
 24433 | Spider:2 | 24433 ||| Stepping ~*~*~tactically~*~*~ (stealth).
 24482 | Spider:2 | 24482 ||| Stepping ~*~*~tactically~*~*~ (stealth).
 24501 | Spider:2 | Received a gift from Okawaru
 24517 | Spider:2 | 24517 ||| INVOKING Heroism.
 24656 | Spider:2 | 24656 ||| FLEEEEING.
 24657 | Spider:2 | 24657 ||| FLEEEEING.
 24667 | Spider:2 | 24667 ||| FLEEEEING.
 24671 | Spider:2 | 24671 ||| FLEEEEING.
 24738 | Spider:2 | 24738 ||| INVOKING Heroism.
 24818 | Spider:2 | 24818 ||| INVOKING Heroism.
 25057 | Spider:2 | 25057 ||| Stepping ~*~*~tactically~*~*~ (stealth).
 25058 | Spider:2 | 25058 ||| Stepping ~*~*~tactically~*~*~ (stealth).
 25088 | Spider:2 | 25088 ||| INVOKING Heroism.
 25095 | Spider:2 | Received a gift from Okawaru
 25491 | Spider:2 | 25491 ||| Stepping ~*~*~tactically~*~*~ (stealth).
 25499 | Spider:2 | 25499 ||| Stepping ~*~*~tactically~*~*~ (stealth).
 25500 | Spider:2 | 25500 ||| Stepping ~*~*~tactically~*~*~ (stealth).
 25502 | Spider:2 | 25502 ||| Stepping ~*~*~tactically~*~*~ (stealth).
 25503 | Spider:2 | 25503 ||| Stepping ~*~*~tactically~*~*~ (stealth).
 25611 | Spider:2 | 25611 ||| FLEEEEING.
 25613 | Spider:2 | 25613 ||| FLEEEEING.
 25614 | Spider:2 | 25614 ||| FLEEEEING.
 25615 | Spider:2 | 25615 ||| FLEEEEING.
 25616 | Spider:2 | 25616 ||| FLEEEEING.
 25617 | Spider:2 | 25617 ||| FLEEEEING.
 25618 | Spider:2 | 25618 ||| FLEEEEING.
 25619 | Spider:2 | 25619 ||| STAIRDANCE
 25865 | Spider:2 | 25865 ||| DRINKING potion of curing.
 25865 | Spider:2 | 25865 ||| (to cure confusion)
 26099 | Spider:3 | 26099 ||| STAIRDANCE
 26152 | Spider:3 | 26152 ||| Stepping ~*~*~tactically~*~*~ (stealth).
 26154 | Spider:3 | 26154 ||| Stepping ~*~*~tactically~*~*~ (stealth).
 26194 | Spider:3 | 26194 ||| FLEEEEING.
 26197 | Spider:3 | 26197 ||| FLEEEEING.
 26200 | Spider:3 | 26200 ||| FLEEEEING.
 26201 | Spider:3 | 26201 ||| STAIRDANCE
 26365 | Spider:3 | Received a gift from Okawaru
 26418 | Spider:3 | 26418 ||| Stepping ~*~*~tactically~*~*~ (hiding).
 26649 | Spider:3 | 26649 ||| INVOKING Heroism.
 26681 | Spider:3 | Reached skill level 15 in Fighting
 26881 | Spider:3 | 26881 ||| Stepping ~*~*~tactically~*~*~ (stealth).
 26885 | Spider:3 | Noticed Arachne
 26886 | Spider:3 | 26886 ||| Stepping ~*~*~tactically~*~*~ (hiding).
 26888 | Spider:3 | 26888 ||| INVOKING Heroism.
 26908 | Spider:3 | 26908 ||| Stepping ~*~*~tactically~*~*~ (hiding).
 26921 | Spider:3 | 26921 ||| Stepping ~*~*~tactically~*~*~ (hiding).
 26933 | Spider:3 | 26933 ||| Stepping ~*~*~tactically~*~*~ (hiding).
 26944 | Spider:3 | HP: 13/108 [Arachne/staff of poison (19)]
 26945 | Spider:3 | 26945 ||| READING 3 scrolls of teleportation.
 26946 | Spider:3 | 26946 ||| DRINKING potion of heal wounds.
 26949 | Spider:3 | 26949 ||| READING 2 scrolls of teleportation.
 26949 | Spider:3 | HP: 6/108 [pharaoh ant (13)]
 26950 | Spider:3 | Demolished by a pharaoh ant

Levels and vault maps discovered:
D:1:      dpeg_arrival_round_c, layout_basic
D:2:      layout_basic, serial_shops, shop,
          hellmonk_ecumenical_altar_dog_temple, minmay_misc_feat_more_columns
D:3:      layout_basic, ashenzari_conservatory_becter, dancing_weapons_uskayaw,
          guppyfry_early_lair_pool
D:4:      layout_gridville, trog_hazing_becter, serial_shops,
          nicolae_shop_peninsula, ebering_dispersal_statue_hall
D:5:      layout_basic, cheibriados_altar_1, nemelex_xobeh_ov_fountains_minmay,
          mainiacjoe_overflow_alcove_2, minmay_fire_ice_demons, uniq_sigmund
D:6:      layout_rooms, minmay_temple_entry_antechambers, serial_curves,
          eino_curves_03, eino_curves_01, eino_curves_02, eino_curves_01
D:7:      cheibrodos_fertilizer, layout_basic, dk_yredelemnul_ordeal,
          lightli_minifort
D:8:      layout_loops_ring, mainiacjoe_overflow_cross_hatched,
          nicolae_tso_besieged_by_evil, grunt_temple_overflow_open,
          uniq_maurice, uniq_grum, uniq_maggie
D:9:      layout_rooms, minitemple, minmay_lair_entry_grove, hiddenorc1_lemuel,
          minmay_misc_feat_five, kennysheep_another_room,
          kennysheep_generic_room_8
D:10:     layout_stronghold, uniq_urug
D:11:     layout_long_grid, kennysheep_minor_cross, kennysheep_vampire_church,
          uniq_lodul
D:12:     layout_long_grid, serial_glass, glass_columns_a, glass_columns_b,
          chequers_serial_rivers_room_b
D:13:     layout_gridville, david_vaults_4, serial_shops, kennysheep_mini_moat,
          moated_statue
D:14:     layout_gridville, reono_crystal_passage, uniq_josephine
D:15:     hangedman_depths_entry_civil_slaughter, layout_long_grid,
          fedhas_altar_3, portal_ice_cave_entry_dragon
Temple:   nicolae_temple_bog_church
Lair:1:   layout_long_grid, serial_bayou_shore_b, infiniplex_staircase_pool
Lair:2:   layout_layer_cave, minmay_swamp_entry_reptiles,
          nicolae_spider_entry_lesser_pyramids, minmay_lair_oklob_bushes,
          grunt_megastairs_3, uniq_nergalle
Lair:3:   layout_layer_cave
Lair:4:   layout_long_grid, st_stairs_11
Lair:5:   hangedman_lair_in_review, layout_loops_ring, slime_entry_1,
          serial_bayou_shore_a
Spider:1: layout_spider_delve
Spider:2: layout_cave_pods
Spider:3: layout_spider_delve, uniq_arachne
Orc:1:    layout_caves, serial_shops, nicolae_shop_advertising_works
          [nicolae_subvault_shop_adworks], nicolae_orc_flooded_monolith,
          uniq_erolcha
Orc:2:    st_orc_elflike, layout_caves, mines1_david

Skill      XL: |  1  2  3  4  5  6  7  8  9 10 11 12 13 14 15 16 |
---------------+-------------------------------------------------+-----
Axes           | 2 3 4 5 6 7 8 10 11 12 13 14 15 16 | 16.0
Fighting       | 4 5 6 8 9 10 11 12 13 15 | 15.0
Dodging        | 1 3 5 6 |  6.0
Throwing       | 1 4 6 7 8 |  8.0
Armour         | 5 6 8 9 10 11 12 14 | 14.0
Shields        | 4 5 6 7 9 |  9.1
Invocations    | 3 5 8 10 | 10.1

Action                     |  1- 3 |  4- 6 |  7- 9 | 10-12 | 13-15 | 16-18 || total
---------------------------+-------+-------+-------+-------+-------+-------++-------
  Melee: War axe           |   120 |   208 |   431 |   592 |  1122 |   389 ||  2862
         Morningstar       |       |       |       |       |    20 |       ||    20
  Throw: Boomerang         |       |    42 |    14 |    20 |    25 |     1 ||   102
         Javelin           |       |       |       |    24 |   138 |    72 ||   234
 Invoke: Heroism           |       |       |       |    24 |    39 |    11 ||    74
         Finesse           |       |       |       |       |     8 |       ||     8
    Use: Potion            |     2 |     4 |     4 |     2 |     1 |     3 ||    16
         Scroll            |     2 |     7 |     8 |     7 |     5 |     3 ||    32
   Stab: Petrified         |       |       |       |       |     4 |       ||     4
         Petrifying        |       |       |       |       |     2 |       ||     2
         Distracted        |       |       |       |       |     1 |       ||     1
 Armour: Scale mail        |    55 |       |       |       |       |       ||    55
         Chain mail        |    31 |   137 |    70 |       |       |       ||   238
         Plate armour      |       |       |   139 |   381 |   482 |   393 ||  1395
  Dodge: Dodged            |    43 |    40 |   110 |   191 |   313 |   234 ||   931
  Block: Buckler           |    26 |    77 |   181 |   316 |   512 |   131 ||  1243
         Reflection        |       |     9 |     3 |     4 |    11 |       ||    27

Table legend:
 A = Non-vault XP
 B = Vault XP
 C = Vault XP percentage of total XP
 D = Non-vault monster count
 E = Vault monster count
 F = Vault count percentage of total count
                 A         B        C        D         E       F
            +---------+---------+-------+---------+---------+-------
      Total |  131263 |   37910 |  22.4 |     612 |     177 |  22.4
            +---------+---------+-------+---------+---------+-------
        D:1 |      38 |       0 |   0.0 |      23 |       0 |   0.0
        D:2 |      30 |       6 |  16.7 |      16 |       3 |  15.8
        D:3 |     250 |       0 |   0.0 |      33 |       0 |   0.0
        D:4 |     244 |      12 |   4.7 |      26 |       6 |  18.8
        D:5 |     544 |     299 |  35.5 |      22 |       3 |  12.0
        D:6 |     953 |       0 |   0.0 |      18 |       0 |   0.0
        D:7 |     936 |     991 |  51.4 |      30 |      26 |  46.4
        D:8 |    1860 |    1407 |  43.1 |      25 |      17 |  40.5
        D:9 |    1877 |    3404 |  64.5 |      25 |      31 |  55.4
       D:10 |    2260 |     784 |  25.8 |      17 |       1 |   5.6
       D:11 |    1618 |    1845 |  53.3 |      12 |      16 |  57.1
       D:12 |    5328 |       0 |   0.0 |      29 |       0 |   0.0
       D:13 |    7343 |    1236 |  14.4 |      16 |       4 |  20.0
       D:14 |   12505 |    1760 |  12.3 |      20 |       5 |  20.0
       D:15 |   13924 |    5135 |  26.9 |      39 |       7 |  15.2
     Lair:1 |    5898 |       0 |   0.0 |      21 |       0 |   0.0
     Lair:2 |    4387 |    3000 |  40.6 |      22 |      10 |  31.2
     Lair:3 |    3043 |       0 |   0.0 |      12 |       0 |   0.0
     Lair:4 |    8561 |     250 |   2.8 |      29 |       2 |   6.5
     Lair:5 |   14406 |    9373 |  39.4 |      35 |      21 |  37.5
   Spider:1 |   14694 |       0 |   0.0 |      32 |       0 |   0.0
   Spider:2 |   17827 |       0 |   0.0 |      41 |       0 |   0.0
   Spider:3 |    7296 |       0 |   0.0 |      23 |       0 |   0.0
      Orc:1 |    3565 |     871 |  19.6 |      23 |       1 |   4.2
      Orc:2 |    1876 |    7537 |  80.1 |      23 |      24 |  51.1
            +---------+---------+-------+---------+---------+-------
